 Dungeon Crawl Stone Soup version 0.29.1-2-gbd0b4ee654 (webtiles) character file.

Game seed: 11539282735378998801

911 Gabide the Chucker (level 8, -2/67 HPs)
             Began as a Ghoul Gladiator on Oct 28, 2022.
             Slain by an unseen horror (3 damage)
             ... on level 5 of the Dungeon.
             The game lasted 00:07:48 (5957 turns).

Gabide the Chucker (Ghoul Gladiator)                Turns: 5957, Time: 00:07:48

Health: -2/67      AC:  7    Str: 26    XL:     8   Next: 8%
Magic:  7/7        EV: 13    Int:  3    God:
Gold:   200        SH:  0    Dex: 10    Spells: 7/7 levels left

rFire   + . .      SeeInvis .     - Unarmed
rCold   + . .      Faith    .   (no shield)
rNeg    + + +      Spirit   .   r - +2 robe {rF+}
rPois   ∞          Reflect  .   b - +2 helmet
rElec   .          Harm     .   (no cloak)
rCorr   .          Rampage  .   (no gloves)
Will    +....                   (no boots)
Stlth   +.........              (no amulet)
HPRegen 0.00/turn               o - +6 ring of strength
MPRegen 0.10/turn               a - ring of willpower

@: about to teleport, attractive, inhibited regen, studying Throwing
A: claws 1, cold resistance 1, negative energy resistance 3, inhibited
regeneration, torment resistance 2, devour on kill
a: no special abilities


You were on level 5 of the Dungeon.
You visited 1 branch of the dungeon, and saw 5 of its levels.

You collected 200 gold pieces.

Inventory:

Missiles
 h - 3 poisoned darts (quivered)
 q - 2 stones
Armour
 b - a +2 helmet (worn)
 r - a +2 robe of fire resistance (worn)
Jewellery
 a - a ring of willpower (right claw)
 o - a +6 ring of strength (left claw)
Wands
 c - a wand of roots (6)
Scrolls
 e - 2 scrolls of blinking
 f - a scroll of immolation {unknown}
 g - a scroll of teleportation
 j - a scroll of summoning {unknown}
 k - a scroll of magic mapping {unknown}
 n - a scroll of enchant weapon {unknown}
Potions
 d - a potion of resistance
 i - a potion of flight
 p - a potion of cancellation {unknown}


   Skills:
 + Level 4.8 Fighting
 * Level 7.5 Throwing
 + Level 4.5 Dodging
 + Level 5.4 Unarmed Combat


You had 7 spell levels left.
You didn't know any spells.
Your spell library was empty.

Dungeon Overview and Level Annotations

Branches:
Dungeon (5/15)             Temple (0/1) D:4

Altars:
Ru
Wu Jian

Shops:
D:2 :   D:5 *


Innate Abilities, Weirdness & Mutations

You are immune to poison.
You have sharp fingernails.
Your flesh is cold resistant. (rC+)
You are immune to negative energy. (rN+++)
You do not regenerate when monsters are visible.
You are immune to unholy pain and torment.
You thrive by killing the living.


Message History

Something is attracted toward you. Something hits you.
* * * LOW HITPOINT WARNING * * *
Something hits you.
* * * LOW HITPOINT WARNING * * *
Something hits you.
* * * LOW HITPOINT WARNING * * *
You feel better. Something hits you!
* * * LOW HITPOINT WARNING * * *
Something is attracted toward you.
Okay, then.
Aiming: Fastroot
Press: ? - help, Shift-Dir - straight line The roots erupt in riotous growth!
Something hits you.
* * * LOW HITPOINT WARNING * * *
Something is attracted toward you.
Aiming: Fastroot
Press: ? - help, Shift-Dir - straight line The roots erupt in riotous growth!
Something completely misses you. Something hits you but does no damage.
Aiming: Fastroot
Press: ? - help, Shift-Dir - straight line The roots erupt in riotous growth!
Something hits you but does no damage. Something is attracted toward you.
You miss something. Something hits you.
* * * LOW HITPOINT WARNING * * *
Something is attracted toward you.
Aiming: Fastroot
Press: ? - help, Shift-Dir - straight line The roots erupt in riotous growth!
Something hits you but does no damage. Something is attracted toward you.
Aiming: Fastroot
Press: ? - help, Shift-Dir - straight line The roots erupt in riotous growth!
Something hits you.
* * * LOW HITPOINT WARNING * * *
Something is attracted toward you.
Okay, then.
As you read the scroll of teleportation, it crumbles to dust.
You feel strangely unstable. Something hits you.
You die...

#... ##'# #... #... #...
############### #...
#......§....#'#####'#
#......§....#.......#
+...@.......'.......#
#...........#.......#
..###+####...........#+#######
.........###+#####'#....######
..................#....#.....
.....)...........#....'.....
#.....##....##..#....#..##.
#.....####'######....#..###
#.....##....##..#....#...#


There were no monsters in sight!

Vanquished Creatures
  Duvessa (D:4)
  An ogre (D:5)
  A phantom (D:5)
  A necrophage (D:5)
  2 scorpions (D:5)
  Dowan (D:4)
  A howler monkey (D:4)
  A jelly (D:5)
  An orc priest (D:3)
  A gnoll bouda (D:4)
  2 iguanas
  Terence (D:2)
  Robin (D:4)
  6 adders
  5 gnolls (D:4)
  A white imp (D:5)
  4 dart slugs
  A worm (D:3)
  7 orcs
  2 ball pythons
  5 bats
  7 endoplasms
  5 giant cockroaches
  17 goblins
  9 hobgoblins
  4 frilled lizards
  5 kobolds
  6 rats
99 creatures vanquished.

Notes
Turn   | Place    | Note
-------+----------+-------------------------------------------
     0 | D:1      | Gabide the Ghoul Gladiator began the quest for the Orb.
     0 | D:1      | Reached XP level 1. HP: 17/17 MP: 0/0
   127 | D:1      | Reached skill level 2 in Throwing
   247 | D:1      | Reached XP level 2. HP: 25/25 MP: 1/1
  1003 | D:2      | Noticed Terence
  1025 | D:2      | Killed Terence
  1026 | D:2      | Reached skill level 3 in Throwing
  1026 | D:2      | Reached XP level 3. HP: 12/30 MP: 2/2
  1372 | D:2      | Found Efel's Vocational Training.
  1376 | D:2      | Reached XP level 4. HP: 37/37 MP: 3/3
  2207 | D:3      | Found an ornate altar of the Wu Jian Council.
  2398 | D:3      | Found a sacrificial altar of Ru.
  2541 | D:3      | Identified the +8 chain mail of the Old World {-Tele rN+++
                  | Regen+ Int-3}
  2650 | D:3      | Reached skill level 4 in Throwing
  2656 | D:3      | Reached XP level 5. HP: 28/45 MP: 4/4
  3257 | D:4      | Noticed Robin
  3268 | D:4      | Killed Robin
  3525 | D:4      | Noticed Duvessa
  3530 | D:4      | Noticed Dowan
  3540 | D:4      | Killed Duvessa
  3541 | D:4      | Reached skill level 5 in Throwing
  3541 | D:4      | Reached XP level 6. HP: 24/52 MP: 5/5
  3545 | D:4      | Killed Dowan
  3824 | D:4      | Reached XP level 7. HP: 16/59 MP: 6/6
  4077 | D:4      | Reached skill level 6 in Throwing
  4533 | D:4      | Found a staircase to the Ecumenical Temple.
  4799 | D:5      | Entered Level 5 of the Dungeon
  4827 | D:5      | Reached skill level 5 in Unarmed Combat
  5015 | D:5      | Found Otyuruck's Neck Hole.
  5366 | D:5      | Reached skill level 7 in Throwing
  5440 | D:5      | Identified the +1 scale mail of Unreason {rCorr}
  5644 | D:5      | Reached XP level 8. HP: 56/67 MP: 7/7
  5956 | D:5      | HP: 1/67 [something (4)]
  5957 | D:5      | Slain by an unseen horror

Illustrated notes

Levels and vault maps discovered:
D:1:      psy_arrival_basics, layout_loops_corners
D:2:      layout_loops_ring, shapermc_ecumenical_altar_petra,
          minmay_fountain_box, minivault_25, nicolae_shop_vocational,
          uniq_terence
D:3:      layout_loops_corners, overflow_temple_1_default,
          general_overflow_altar, nicolae_titane
D:4:      layout_loops_corners, temple_pool_b, uniq_duvessa, uniq_robin
D:5:      layout_gridville, lemuel_coloured_pillars_altar, columned_hall_lemuel,
          grunt_ministairs_6, nicolae_shop_sticking_my_neck_out

Skill      XL: |  1  2  3  4  5  6  7 |
---------------+----------------------+-----
Throwing       | 2 3 4 5 7 |  7.5
Dodging        | 3 4 |  4.5
Fighting       | 3 4 |  4.8
Unarmed Combat | 4 5 |  5.4

Action                   |  1- 3 |  4- 6 |  7- 9 || total
-------------------------+-------+-------+-------++-------
Melee: Unarmed           |    80 |   178 |   126 ||   384
       Punch             |     1 |     6 |     4 ||    11
Throw: Throwing net      |     2 |     1 |       ||     3
       Javelin           |       |     1 |       ||     1
       Dart              |       |     4 |       ||     4
Evoke: Wand              |       |       |    12 ||    12
  Use: Scroll            |       |     3 |     7 ||    10
       Potion            |       |     1 |     6 ||     7
 Stab: Held in net/web   |     1 |       |       ||     1
       Sleeping          |     1 |     2 |       ||     3
Armor: Leather armour    |    12 |     6 |       ||    18
       Robe              |       |    32 |    44 ||    76
Dodge: Dodged            |    37 |    87 |    76 ||   200
